 Dungeon Crawl Stone Soup version 0.29-a0-323-g050149af67 (webtiles) character file.

Game seed: 15739588595538761428

9 spaghetti the Sneak (level 2, -2/24 HPs)
             Began as a Demonspawn Delver on Apr 11, 2022.
             Was an Initiate of Hepliaklqana.
             Slain by a scorpion (3 damage)
             ... on level 5 of the Dungeon.
             The game lasted 00:01:33 (688 turns).

spaghetti the Sneak (Demonspawn Delver)              Turns: 688, Time: 00:01:34

Health: -2/24      AC:  3    Str: 12    XL:     2   Next: 3%
Magic:  2/2        EV: 11    Int: 11    God:    Hepliaklqana [......]
Gold:   43         SH:  0    Dex: 14    Spells: 1/1 levels left

rFire   . . .      SeeInvis .   a - +0 falchion {long}
rCold   . . .      Faith    .   (no shield)
rNeg    . . .      Spirit   .   b - +0 leather armour
rPois   .          Reflect  .   (no helmet)
rElec   .          Harm     .   (no cloak)
rCorr   .          Rampage  .   (no gloves)
Will    .....                   (no boots)
Stlth   ++........              (no amulet)
HPRegen 0.08/turn               (no ring)
MPRegen 0.08/turn               (no ring)

@: lethally poisoned (-2 -> -5), flying
A: demonic guardian 1
a: Renounce Religion


You were on level 5 of the Dungeon.
You worshipped Hepliaklqana.
Hepliaklqana was noncommittal.
You visited 2 branches of the dungeon, and saw 3 of its levels.

You collected 43 gold pieces.


Innate Abilities, Weirdness & Mutations

A weak demonic guardian rushes to your aid.


   Skills:
 - Level 3.0 Fighting
 + Level 1.5(2.0) Short Blades
 - Level 1.7(2.1) Long Blades
 - Level 1.7 Dodging
 - Level 4.5 Stealth


You had one spell level left.
You didn't know any spells.
Your spell library was empty.

Inventory:

Hand Weapons
 a - a +0 falchion (weapon) {long}
Missiles
 e - 11 stones (quivered) {throwing}
Armour
 b - a +0 leather armour (worn)
Wands
 g - a wand of digging (3)
Scrolls
 c - a scroll of fog
 d - a scroll of magic mapping {!r}

Dungeon Overview and Level Annotations

Branches:
Dungeon (6/15)             Temple (1/1) D:5

Altars:
Ashenzari
Dithmenos
Elyvilon
Fedhas
Gozag
Hepliaklqana
Makhleb
Nemelex Xobeh
Okawaru
Qazlal
Ru
Sif Muna
Trog
Uskayaw
Vehumet
Xom
Yredelemnul
Zin
The Shining One

Annotations:
D:6 Sigmund

#####.... #.
#......_. #.
####.####... #.
####....# ##.. #.
##.......# #.# #.
#........# #.#
#.##........# #.#
#s#............
..#
#.@..............#
#.######..######
## ####


You could see a scorpion.


Message History

You miss the adder. The adder closely misses you.
You hit the adder but do no damage. The adder bites you.
The adder barely misses you. 😕 HP[-1]
You take 1 damage, and now have 14/18 hp.
You miss the adder. You punch the adder. The adder barely misses you.
You barely miss the adder. The adder barely misses you.
The adder closely misses you.
You hit the adder.
You kill the adder!
Your base Short Blades skill increases to level 1!
You have reached level 2!
Your demonic ancestry asserts itself...
You feel the presence of a demonic guardian. 😕 HP[+5] MP[+1]
You now have 24 max hp (+6).
You regained 5 hp, and now have 19/24 hp.
Your mp is fully restored (2).
You start resting. 😎 HP[+5]
Your hp is fully restored (24).
e - 11 stones {throwing}
Found a stone staircase leading up.
f - a golden potion You see here a +0 mace {mace}.
Found a white marble altar of Elyvilon.
No target in view!
No target in view!
Found a stone staircase leading up.
A scorpion comes into view.
A scorpion is nearby!
A scorpion is nearby!
The helpless scorpion fails to defend itself.
You hit the scorpion. The scorpion barely misses you.
You closely miss the scorpion.
The scorpion stings you but does no damage. x2
You hit the scorpion. The scorpion stings you.
You are poisoned.
The scorpion poisons you! 😕 HP[-2]
You take 2 damage, and now have 22/24 hp.
You barely miss the scorpion.
You feel sick. The scorpion closely misses you.
The scorpion stings you. 😮 HP[-5]
You take 5 damage, and now have 17/24 hp.
MASSIVE DAMAGE!! (PAUSE) It was a potion of flight.
You feel very buoyant.
You fly up into the air.
You feel sick.
The scorpion stings you but does no damage. 😮 HP[-2]
You take 2 damage, and now have 15/24 hp.
Unknown command.
Okay, then.
Okay, then.
Okay, then.
You aren't carrying any potions.
Unknown command.
Okay, then.
You barely miss the scorpion.
You feel sick. The scorpion misses you. 😮 HP[-1]
You take 1 damage, and now have 14/24 hp.
Unknown command.
You closely miss the scorpion.
You feel sick. The scorpion stings you.
* * * LOW HITPOINT WARNING * * *
The scorpion stings you.
* * * LOW HITPOINT WARNING * * *
😨 HP[-4]
You take 4 damage, and now have 10/24 hp.
Unknown command.
You hit the scorpion but do no damage.
You feel sick. The scorpion stings you.
* * * LOW HITPOINT WARNING * * *
You are lethally poisoned!
The scorpion poisons you! 😨 HP[-1]
You take 1 damage, and now have 9/24 hp.
Unknown command.
You closely miss the scorpion.
* * * LOW HITPOINT WARNING * * *
You feel very sick. The scorpion misses you. The scorpion stings you.
* * * LOW HITPOINT WARNING * * *
😱 HP[-4]
You take 4 damage, and now have 5/24 hp.
You barely miss the scorpion.
* * * LOW HITPOINT WARNING * * *
You feel sick.
The scorpion closely misses you. 😱 HP[-1]
You take 1 damage, and now have 4/24 hp.
You barely miss the scorpion.
* * * LOW HITPOINT WARNING * * *
You feel sick.
The scorpion barely misses you. 😱 HP[-2]
You take 2 damage, and now have 2/24 hp.
You hit the scorpion.
* * * LOW HITPOINT WARNING * * *
You feel sick.
The scorpion stings you but does no damage.
The scorpion stings you.
You die...

Skill      XL: |  1 |
---------------+----+-----
Short Blades   | 1 |  1.5
Fighting       | |  3.0
Long Blades    | |  1.7
Dodging        | |  1.7
Stealth        | |  4.5

Action                   || total
-------------------------++-------
Melee: Falchion          ||    23
       Punch             ||     1
  Use: Potion            ||     3
       Scroll            ||     1
 Stab: Sleeping          ||     1
Armor: Leather armour    ||     4
Dodge: Dodged            ||    17

Levels and vault maps discovered:
D:5:      layout_cave_pods, nicolae_overflow_crystal_walls,
          minmay_temple_entry_from_below_a
D:6:      layout_basic, uniq_sigmund, uniq_eustachio
Temple:   compressed_dpeg_circular_temple

Notes
Turn   | Place    | Note
-------+----------+-------------------------------------------
     0 | D:5      | spaghetti the Demonspawn Delver began the quest for the
                  | Orb.
     0 | D:5      | Reached XP level 1. HP: 18/18 MP: 1/1
     0 | D:5      | magus.rc [v1.9.6]
     0 | D:5      | Found a staircase to the Ecumenical Temple.
     7 | Temple   | Entered the Ecumenical Temple
   106 | Temple   | Became a worshipper of Hepliaklqana the Forgotten
   127 | D:6      | Noticed Sigmund
   136 | D:6      | HP: 2/18 [Sigmund/+0 scythe (10)]
   517 | D:5      | Noticed a hound
   549 | D:5      | Reached skill level 1 in Short Blades
   549 | D:5      | Gained mutation: A weak demonic guardian rushes to your
                  | aid. [demonic ancestry]
   549 | D:5      | Reached XP level 2. HP: 19/24 MP: 2/2
   675 | D:5      | Noticed a scorpion
   685 | D:5      | HP: 6/24 [poisoned by a scorpion]
   687 | D:5      | HP: 2/24 [poisoned by a scorpion]
   688 | D:5      | Slain by a scorpion

Vanquished Creatures
  An adder (D:5)
1 creature vanquished.

Table legend:
 A = Non-vault XP
 B = Vault XP
 C = Vault XP percentage of total XP
 D = Non-vault monster count
 E = Vault monster count
 F = Vault count percentage of total count
                 A         B        C        D         E       F
            +---------+---------+-------+---------+---------+-------
      Total |      13 |       0 |   0.0 |       1 |       0 |   0.0
            +---------+---------+-------+---------+---------+-------
        D:5 |      13 |       0 |   0.0 |       1 |       0 |   0.0
            +---------+---------+-------+---------+---------+-------

Illustrated notes

Table legend:
 A = Kills in this place as a percentage of kills in entire the game.
 B = Kills by you in this place as a percentage of kills by you in the entire game.
 C = Kills by friends in this place as a percentage of kills by friends in the entire game.
 D = Other kills in this place as a percentage of other kills in the entire game.
 E = Experience gained in this place as a percentage of experience gained in the entire game.
 F = Experience gained in this place divided by the number of levels of this place that you have seen.
                   A       B       C       D       E      F
               +-------+-------+-------+-------+-------+----------------------
         Total | 100.0 | 100.0 |   N/A |   N/A | 100.0 |   4.3
       Dungeon | 100.0 | 100.0 |   N/A |   N/A | 100.0 |   6.5
               +-------+-------+-------+-------+-------+----------------------

Table legend: (Time is in decaauts)
 A = Elapsed time spent in this place.
 B = Non-inter-level travel time spent in this place.
 C = Inter-level travel time spent in this place.
 D = Time resting spent in this place.
 E = Time spent auto-exploring this place.
 F = Levels seen in this place.
 G = Mean time per level.
                   A        B        C        D        E       F      G
               +--------+--------+--------+--------+--------+-----+--------+
         Total |    679 |    640 |     39 |    163 |    373 |   3 |  226.3 |
       Dungeon |    567 |    560 |      7 |    163 |    311 |   2 |  283.5 |
        Temple |    111 |     79 |     32 |      0 |     62 |   1 |  111.0 |
               +--------+--------+--------+--------+--------+-----+--------+

Top non-repeatable levels by time:
     D:5: 530 daAuts
  Temple: 111 daAuts
     D:6: 37 daAuts
